 Dungeon Crawl Stone Soup version 0.18-a0-844-g9229740 (webtiles) character file.

43794 Raultor the Basher (level 13, -5/104 HPs)
             Began as a Demonspawn Fighter on Dec 19, 2015.
             Was a High Priest of Makhleb.
             Slain by Rupert
             ... wielding a +3 great mace of crushing
              (30 damage)
             ... on level 6 of the Lair of Beasts.
             The game lasted 00:52:11 (16914 turns).

Raultor the Basher (Demonspawn Fighter)            Turns: 16914, Time: 00:52:11

Health: -5/104     AC: 14    Str: 18    XL:     13   Next: 92%
Magic:  20/20      EV: 17    Int: 11    God:    Makhleb [*****.]
Gold:   1551       SH: 12    Dex: 15    Spells: 0 memorised, 12 levels left

rFire  + . .     SeeInvis .     S - +2 flail (venom)
rCold  . . .     Gourm    .     V - +1 chain mail {rF+}
rNeg   . . .     Faith    .     c - +1 shield
rPois  .         Spirit   .     (helmet unavailable)
rElec  .         Dismiss  .     u - +0 cloak
rCorr  .         Reflect  .     (no gloves)
SustAt .         Harm     .     E - +0 pair of boots
MR     .....                    (no amulet)
Stlth  ..........               Z - ring of invisibility {+Inv, !d}
                                O - +4 ring of evasion

@: very slightly contaminated, slowed, invisible, very slow, not resistant to
hostile enchantments, extremely unstealthy
A: horns 3, spiny 2, rot immunity, sturdy frame 3
a: Minor Destruction, Lesser Servant of Makhleb, Major Destruction, Greater
Servant of Makhleb, Renounce Religion


You were on level 6 of the Lair of Beasts.
You worshipped Makhleb.
Makhleb was extremely pleased with you.
You were not hungry.

You visited 3 branches of the dungeon, and saw 19 of its levels.
You also visited: Volcano.

You collected 1551 gold pieces.

Inventory:

Hand Weapons
 S - a +2 flail of venom (weapon)
   (You took it off an orc priest on level 11 of the Dungeon)
Missiles
 d - 3 throwing nets {=f, !d}
Armour
 c - a +1 shield (worn)
 u - a +0 cloak (worn)
   (You took it off Maurice on level 9 of the Dungeon)
 E - a +0 pair of boots (worn)
   (You found it on level 5 of the Dungeon)
 V - a +1 chain mail of fire resistance (worn)
   (You found it on level 2 of the Lair of Beasts)
Jewellery
 L - an uncursed ring of ice {rC+, rF-}
   (You took it off Fannar on level 2 of the Lair of Beasts)
 O - a +4 ring of evasion (left hand)
   (You found it on level 8 of the Dungeon)
 Q - an uncursed ring of ice {rC+, rF-}
   (You found it on level 8 of the Dungeon)
 U - an uncursed ring of protection from cold {rC+, !d}
   (You found it on level 12 of the Dungeon)
 Z - a ring of invisibility (right hand) {+Inv, !d}
   (You found it on level 5 of the Lair of Beasts)
Wands
 a - a wand of digging (13)
   (You found it on level 11 of the Dungeon)
 H - a wand of enslavement (6)
   (You found it on level 8 of the Dungeon)
 I - a wand of invisibility (6)
   (You found it on level 6 of the Dungeon)
 W - a wand of polymorph (11)
   (You found it on level 2 of the Lair of Beasts)
Scrolls
 e - 6 scrolls of recharging
 i - 2 scrolls of noise {!r}
 k - a scroll of magic mapping {!r}
 l - 5 scrolls of fear
 m - 3 scrolls of blinking {!r}
 o - 3 scrolls of amnesia {unknown}
 p - 4 scrolls of fog
 r - 6 scrolls of teleportation
 s - 8 scrolls of identify
 w - a scroll of vulnerability {unknown}
 x - a scroll of random uselessness {unknown}
 y - 10 scrolls of remove curse
 D - 8 scrolls of enchant armour
 G - 3 scrolls of immolation {unknown}
 J - a scroll of summoning {unknown}
 R - a scroll of acquirement {unknown}
Potions
 g - 4 potions of agility
 q - 6 potions of heal wounds
 t - 4 potions of flight
 z - 2 potions of invisibility
 B - 8 potions of curing {unknown}
 F - 3 potions of resistance
 K - 4 potions of berserk rage {!q}
 M - a potion of brilliance
 N - 3 potions of magic
 P - 5 potions of haste
 Y - a potion of cancellation
Miscellaneous
 n - a box of beasts
   (You found it on level 2 of the Lair of Beasts)
 C - a disc of storms
   (You found it on level 3 of the Lair of Beasts)
Comestibles
 f - 15 bread rations {@e1}
 h - 9 meat rations {@e2}
 v - 3 slices of pizza
 A - 2 beef jerkies
 T - 8 royal jellies
 X - 18 fruits


   Skills:
 + Level 10.6 Fighting
 * Level 12.9 Maces & Flails
 * Level 7.0 Armour
 + Level 8.9 Dodging
 + Level 9.3 Shields
 + Level 10.6 Invocations


You had 12 spell levels left.
You didn't know any spells.

Dungeon Overview and Level Annotations

Branches:
Dungeon (12/15)            Temple (1/1) D:6            Lair (6/8) D:10
 Shoals (0/4) Lair:4       Spider (0/4) Lair:6          Orc (0/2) D:10
  Slime: Lair:6-8

Altars:
Ashenzari
Cheibriados
Dithmenos
Elyvilon
Fedhas
Gozag
Kikubaaqudgha
Makhleb
Nemelex Xobeh
Okawaru
Pakellas
Qazlal
Ru
Sif Muna
Trog
Vehumet
Xom
Yredelemnul
Zin
The Shining One

Shops:
D:9 (   D:10 (   D:11 =

Annotations:
Lair:4 exclusion: oklob plant
Lair:6 Rupert


Innate Abilities, Weirdness & Mutations

You have a pair of large horns on your head.
You are mostly covered in sharp spines.
You are immune to rotting.
Your movements are significantly less encumbered by armour (ER -6).


Message History

The blast of flame engulfs you!
You take 8 damage, and have 74/104 hp.
You sock the fire crab!
You are engulfed in roaring flames.
You resist. You block the fire crab's attack. The fire crab misses you.
Your balrug hits the fire crab with a demon whip of electrocution!
The fire crab is engulfed in flames.
The fire crab completely resists.
You take 1 damage, and have 73/104 hp.
You bludgeon the fire crab!!
You kill the fire crab!
Makhleb accepts your kill.
You feel better.
Your Armour skill increases to level 7!
You are engulfed in roaring flames.
You resist.
You see here a fire crab corpse.
You butcher the fire crab corpse.
You see here an inedible chunk of flesh {@w0}.
X - 9 fruits (gained 1)
X - 10 fruits (gained 1)
X - 11 fruits (gained 1)
X - 12 fruits (gained 1)
X - 13 fruits (gained 1)
X - 14 fruits (gained 1)
h - 9 meat rations {@e2} (gained 1);
X - 15 fruits (gained 1)
X - 16 fruits (gained 1)
X - 17 fruits (gained 1)
X - 18 fruits (gained 1)
You now have 1551 gold pieces (gained 20).
Some of the chunks of flesh in your inventory have rotted away.
You swap places.
Your balrug disappears in a puff of smoke!
Found an escape hatch in the ceiling.
Health restored: 104 A crocodile comes into view.
A crocodile is nearby!
Found a stone staircase leading up.
The crocodile is struck by your spines. The crocodile bites you!
You take 11 damage, and have 93/104 hp.
Your chain mail prevents you from hitting the crocodile.
The crocodile is struck by your spines. The crocodile misses you.
You closely miss the crocodile. You block the crocodile's attack.
You hit the crocodile.
The crocodile is poisoned.
You headbutt the crocodile, but do no damage.
You hit the crocodile.
The crocodile looks even sicker.
The crocodile bites you!
You take 6 damage, and have 87/104 hp.
You sock the crocodile!
You kill the crocodile!
Makhleb accepts your kill.
You feel better.
You regained 8 hp, and now have 95/104 hp.
T - 8 royal jellies (gained 1) All of the chunks of flesh in your inventory have rotted away.
Rupert the Wild comes into view.
He is wielding a great mace of crushing.
Rupert shouts!
Rupert looks excited.
Rupert roars wildly at you.
You struggle to resist.
You regained 7 hp, and now have 102/104 hp.
A demon appears!
It doesn't seem very happy.
You feel somewhat more hungry.
You take 10 damage, and have 92/104 hp.
You sock the blizzard demon! You headbutt the blizzard demon!
You closely miss the blizzard demon.
You headbutt the blizzard demon, but do no damage.
The blizzard demon barely misses you. You block the blizzard demon's attack.
A death yak comes into view.
The death yak bellows!
You sock the blizzard demon!
The blizzard demon is poisoned.
Your headbutt misses the blizzard demon.
The blizzard demon barely misses you. The blizzard demon hits you!
You take 7 damage, and have 86/104 hp.
Your shield and chain mail prevent you from hitting the blizzard demon.
Your headbutt misses the blizzard demon.
The blizzard demon completely misses you.
You block the blizzard demon's attack.
Okay, then.
Being near the torpor snail leaves you feeling lethargic.
A torpor snail comes into view.
Rupert roars madly and goes into a rage!
Rupert goes berserk!
You block the blizzard demon's attack. x2
Rupert rages.
The blizzard demon waves its arms in wide circles.
The air twists around and strikes you!
You take 19 damage, and have 68/104 hp.
Rupert hits you with a great mace of crushing!
You take 8 damage, and have 60/104 hp.
Rupert hits you with a great mace of crushing!!
The blizzard demon hits the plant but does no damage.
The blizzard demon hits the plant!
Rupert is struck by your spines.
Rupert hits you with a great mace of crushing!
* * * LOW HITPOINT WARNING * * *
x2 You take 36 damage, and have 24/104 hp.
MASSIVE DAMAGE!!
You fade into invisibility!
You are very lightly contaminated with residual magic.
This wand has 6 charges left.
Rupert hits you with a great mace of crushing!!
You die...

## ##.....# ###.. ### #......+
##....# #.## #......#
.......####.P####......#
.........P....##.......#
............P..........#
...........2@@...<.....#
............Y........<.#######
....#...w................#....
..............................
..............................
..............................
.............................
.....................P..#.


You could see Rupert (berserk), a death yak, a blizzard demon and a torpor
snail.

Vanquished Creatures
  Fannar (Lair:2)
  Harold (Lair:3)
  2 hydras
  Erica (D:9)
  4 death yaks (Lair:5)
  A fire crab (Lair:6)
  An unseen horror (D:12)
  2 hill giants
  3 deep elf magi
  2 manticores
  5 elephants (Lair:4)
  A cyclops (D:12)
  An ugly thing (D:9)
  Maurice (D:9)
  A centaur zombie (D:10)
  7 spiny frogs
  A gargoyle (D:12)
  A guardian serpent (D:11)
  2 fire drakes (Volcano)
  4 komodo dragons
  2 trolls
  3 jumping spiders (Lair:6)
  A queen bee (D:12)
  7 blink frogs
  5 redbacks (Lair:6)
  55 yaks
  A shadow (D:9)
  2 wyverns
  3 hungry ghosts
  A wraith (D:9)
  7 fire bats (Volcano)
  2 basilisks
  A spriggan (D:11)
  6 hippogriffs
  A mottled dragon (Volcano)
  11 wolves
  4 ice beasts
  6 water moccasins
  7 orc warriors
  6 porcupines
  2 sky beasts
  A warg (D:10)
  A hell hound (Volcano)
  3 phantoms (D:5)
  14 crocodiles
  3 ogres
  A black bear (D:10)
  3 necrophages (D:9)
  2 centaurs
  3 elf zombies (D:9)
  18 giant frogs
  A wyvern zombie (D:12)
  3 scorpions
  5 wights (D:9)
  22 killer bees (D:12)
  2 lava snakes (Lair:5)
  7 crimson imps
  3 centaur skeletons
  A giant frog skeleton (D:11)
  4 hounds
  3 human zombies (D:9)
  A quasit (D:9)
  6 jellies
  A human skeleton (D:9)
  7 orc priests
  Terence (D:3)
  7 iguanas
  8 orc wizards
  10 worker ants
  10 sheep
  An ogre zombie (D:9)
  A hound skeleton (D:11)
  A worker ant zombie (D:5)
  19 adders
  39 river rats
  4 shadow imps
  4 oozes
  4 worms
  An adder zombie (D:8)
  43 orcs
  5 giant cockroaches
  12 goblins
  5 hobgoblins
  11 jackals
  11 kobolds
  5 quokkas
  A ball python (D:1)
  12 bats
  4 giant geckos
  3 giant newts
  15 rats
  A plant (Lair:1)
528 creatures vanquished.

Vanquished Creatures (collateral kills)
  Nergalle (Lair:4)
  A wolf (Lair:2)
  A water moccasin (Lair:4)
3 creatures vanquished.

Vanquished Creatures (others)
  3 fungi
  2 plants
5 creatures vanquished.

Grand Total: 536 creatures vanquished

Notes
Turn   | Place    | Note
--------------------------------------------------------------
     0 | D:1      | Raultor the Demonspawn Fighter began the quest for the Orb.
     0 | D:1      | Reached XP level 1. HP: 18/18 MP: 1/1
   138 | D:1      | Reached skill level 2 in Maces & Flails
   236 | D:1      | Gained mutation: Your movements are slightly less encumbered by armour (ER -2). [demonic ancestry]
   236 | D:1      | Reached XP level 2. HP: 24/24 MP: 2/2
   373 | D:1      | HP: 5/24 [kobold (2)]
   679 | D:1      | Gained mutation: You are partially covered in sharp spines. [demonic ancestry]
   679 | D:1      | Reached XP level 3. HP: 29/29 MP: 3/3
  1332 | D:2      | Reached skill level 1 in Dodging
  1501 | D:2      | Reached skill level 3 in Shields
  1522 | D:2      | Gained mutation: You are mostly covered in sharp spines. [demonic ancestry]
  1522 | D:2      | Reached XP level 4. HP: 37/37 MP: 4/4
  1534 | D:2      | Found a bloodstained altar of Trog.
  1757 | D:3      | Reached skill level 3 in Maces & Flails
  1812 | D:3      | Noticed Terence
  1819 | D:3      | Killed Terence
  1819 | D:3      | Reached skill level 4 in Fighting
  1872 | D:3      | Gained mutation: You have a pair of small horns on your head. [demonic ancestry]
  1872 | D:3      | Reached XP level 5. HP: 42/42 MP: 5/5
  2213 | D:4      | Got an ichor-stained leather armour
  2224 | D:4      | Identified the +1 leather armour of the Evil One {rPois Int+2} (You found it on level 4 of the Dungeon)
  2397 | D:4      | Found a glowing drain.
  2436 | D:4      | Found a radiant altar of Vehumet.
  2436 | D:4      | Found a white marble altar of Elyvilon.
  2438 | D:4      | Reached skill level 2 in Dodging
  2699 | D:4      | Gained mutation: Your movements are less encumbered by armour (ER -4). [demonic ancestry]
  2699 | D:4      | Reached XP level 6. HP: 46/48 MP: 6/6
  2793 | D:4      | Reached skill level 4 in Maces & Flails
  3303 | D:5      | Entered Level 5 of the Dungeon
  3395 | D:5      | Reached skill level 4 in Shields
  3395 | D:5      | Gained mutation: You are immune to rotting. [demonic ancestry]
  3395 | D:5      | Reached XP level 7. HP: 24/55 MP: 7/7
  3737 | D:5      | Reached skill level 5 in Fighting
  3737 | D:5      | Reached skill level 5 in Maces & Flails
  3737 | D:5      | Reached skill level 3 in Dodging
  3928 | D:5      | Gained mutation: Your movements are significantly less encumbered by armour (ER -6). [demonic ancestry]
  3928 | D:5      | Reached XP level 8. HP: 54/62 MP: 8/8
  4326 | D:6      | Found a shadowy altar of Dithmenos.
  4334 | D:6      | Reached skill level 6 in Maces & Flails
  4337 | D:6      | Found a staircase to the Ecumenical Temple.
  4346 | Temple   | Entered the Ecumenical Temple
  4566 | D:6      | Reached skill level 5 in Shields
  4682 | D:6      | Found an oddly glowing altar of Pakellas.
  4707 | D:6      | You fall through a shaft!
  4732 | D:7      | Reached skill level 6 in Fighting
  4732 | D:7      | Reached skill level 4 in Dodging
  5325 | D:7      | Reached skill level 7 in Maces & Flails
  5325 | D:7      | Reached XP level 9. HP: 65/70 MP: 9/9
  5548 | D:7      | Found a bloodstained altar of Trog.
  6220 | D:8      | Found a blossoming altar of Fedhas.
  6225 | D:8      | Found a burning altar of Makhleb.
  6228 | D:8      | Became a worshipper of Makhleb the Destroyer
  6443 | D:8      | Noticed a hill giant
  6456 | D:8      | HP: 12/71 [hill giant/giant club (32)]
  6458 | D:8      | Killed a hill giant
  6458 | D:8      | Reached skill level 7 in Fighting
  6458 | D:8      | Reached skill level 5 in Dodging
  6458 | D:8      | Reached skill level 6 in Shields
  6458 | D:8      | Reached skill level 2 in Invocations
  6723 | D:8      | Reached skill level 8 in Maces & Flails
  6948 | D:9      | Reached skill level 3 in Invocations
  7001 | D:9      | Reached XP level 10. HP: 57/79 MP: 12/12
  7148 | D:9      | Noticed Maurice
  7161 | D:9      | Reached * piety under Makhleb
  7176 | D:9      | Killed Maurice
  7198 | D:9      | Found Echueg's Weapon Boutique.
  7258 | D:9      | Reached skill level 4 in Invocations
  7262 | D:9      | Noticed Erica
  7437 | D:9      | Noticed a red ugly thing
  7440 | D:9      | HP: 14/80 [red ugly thing (23)]
  7458 | D:9      | Killed a red ugly thing
  7458 | D:9      | Reached skill level 9 in Maces & Flails
  7801 | D:9      | Killed Erica
  7801 | D:9      | Reached skill level 8 in Fighting
  7801 | D:9      | Reached skill level 6 in Dodging
  7913 | D:9      | Gained mutation: You have large cloven feet. [potion of mutation]
  7913 | D:9      | Gained mutation: Your muscles are strong. (Str +2) [potion of mutation]
  7913 | D:9      | Gained mutation: Your body sometimes deteriorates upon taking damage. [potion of mutation]
  8000 | D:9      | Reached skill level 5 in Invocations
  8083 | D:9      | Reached skill level 7 in Shields
  8390 | D:9      | Noticed a deep elf mage
  8411 | D:9      | Killed a deep elf mage
  8414 | D:9      | Gained mutation: You have a pair of horns on your head. [demonic ancestry]
  8414 | D:9      | Reached XP level 11. HP: 59/87 MP: 15/15
  8493 | D:9      | Reached ** piety under Makhleb
  8697 | D:9      | Found a basalt altar of Yredelemnul.
  8731 | D:10     | Entered Level 10 of the Dungeon
  8846 | D:10     | Found a staircase to the Lair.
  8898 | D:10     | Reached skill level 6 in Invocations
  9074 | D:10     | Reached skill level 10 in Maces & Flails
  9361 | D:10     | Found a staircase to the Orcish Mines.
  9390 | D:10     | Reached *** piety under Makhleb
  9588 | D:10     | Found Neakhylu's Antique Weapon Boutique.
  9977 | D:11     | Reached skill level 7 in Dodging
 10089 | D:11     | Reached skill level 7 in Invocations
 10184 | D:11     | Noticed a hill giant
 10201 | D:11     | Killed a hill giant
 10263 | D:11     | Reached skill level 8 in Shields
 10306 | D:11     | Reached skill level 9 in Fighting
 10333 | D:11     | Reached **** piety under Makhleb
 10379 | D:11     | Found Varchasup's Jewellery Emporium.
 11023 | D:12     | Reached skill level 11 in Maces & Flails
 11023 | D:12     | Reached XP level 12. HP: 95/95 MP: 17/17
 11144 | D:12     | Reached ***** piety under Makhleb
 11168 | D:12     | Reached skill level 8 in Invocations
 11651 | Lair:1   | Entered Level 1 of the Lair of Beasts
 11906 | Lair:1   | Noticed a four-headed hydra
 11915 | Lair:1   | Killed a four-headed hydra
 12331 | Lair:1   | Reached skill level 9 in Invocations
 12368 | Lair:1   | HP: 24/97 [poisoned by a spiny frog]
 12375 | Lair:1   | HP: 24/97 [poisoned by a spiny frog]
 12383 | Lair:1   | HP: 24/97 [poisoned by a spiny frog]
 12698 | Lair:2   | Reached skill level 8 in Dodging
 12709 | Lair:2   | Found a stormy altar of Qazlal.
 12792 | Lair:2   | Found a dark tunnel.
 12806 | Volcano  | Entered a volcano
 12835 | Volcano  | Reached skill level 3 in Armour
 12851 | Volcano  | Reached skill level 10 in Fighting
 13280 | Lair:2   | Reached skill level 12 in Maces & Flails
 13315 | Lair:2   | Reached skill level 4 in Armour
 13365 | Lair:2   | Noticed Fannar
 13389 | Lair:2   | Killed Fannar
 13474 | Lair:2   | Gained mutation: You have a pair of large horns on your head. [demonic ancestry]
 13474 | Lair:2   | Reached XP level 13. HP: 103/103 MP: 20/20
 13735 | Lair:2   | Reached skill level 9 in Shields
 14101 | Lair:3   | Noticed Harold
 14145 | Lair:3   | Killed Harold
 14145 | Lair:3   | Reached skill level 5 in Armour
 14479 | Lair:3   | Reached skill level 10 in Invocations
 14775 | Lair:4   | Found a staircase to the Shoals.
 14925 | Lair:4   | Noticed Nergalle
 14926 | Lair:4   | Noticed a balrug
 15195 | Lair:4   | Killed Nergalle
 15767 | Lair:5   | Lost mutation: Your body sometimes deteriorates upon taking damage. [potion of cure mutation]
 15767 | Lair:5   | Lost mutation: You have large cloven feet. [potion of cure mutation]
 15767 | Lair:5   | Lost mutation: Your muscles are strong. (Str +2) [potion of cure mutation]
 15838 | Lair:5   | Reached skill level 6 in Armour
 16529 | Lair:6   | Found a hole to the Spider Nest.
 16747 | Lair:6   | Reached skill level 7 in Armour
 16902 | Lair:6   | Noticed Rupert
 16913 | Lair:6   | HP: 24/104 [Rupert/great mace of crushing (4)]
 16914 | Lair:6   | Slain by Rupert

Vault maps used:
D:1:      dpeg_arrival_morbid_curiosity, serial_forest,
          infiniplex_forest_clump_long, infiniplex_forest_clump_diagonal,
          infiniplex_forest_lined_2, infiniplex_forest_straight_4,
          infiniplex_forest_end_2, infiniplex_forest_clump_C,
          minmay_rat_gold_closets
D:2:      first_bread, trog_three_pillars_becter
D:3:      uniq_terence
D:4:      grunt_temple_overflow_open, portal_sewer_entry_d
D:6:      johnstein_pakellas_death_squad, grunt_dithmenos_smoke, temple_pool_b,
          small_statue_intersection
D:7:      lemuel_crystal_altar
D:8:      minitemple
D:9:      lemuel_mausoleum_altar_yredelemnul, serial_shops,
          nicolae_shop_waterfront, uniq_maurice, uniq_erica
D:10:     lair_0_dummy, david_orc_1_choice, serial_shops,
          nicolae_shop_behind_doors
D:11:     serial_shops, shop, the_bakery, glass_columns_a,
          nrook_guardian_serpent_ordinary
D:12:     minivault_7
Temple:   circular_temple_12
Lair:1:   hibernation_bobbens
Lair:2:   basic_altar, enter_volcano_2, uniq_fannar
Lair:3:   st_stairs_12, uniq_harold
Lair:4:   minmay_lair_oklob_chamber, shoals_dummy_entry, uniq_nergalle
Lair:5:   disabler_island
Lair:6:   dpeg_oklob_gauntlet, nicolae_spider_entry_tight_spaces,
          kennysheep_catoblepas_arena, lemuel_fruit_tree, uniq_rupert
Volcano:  volcano_pools

Action                   |  1- 3 |  4- 6 |  7- 9 | 10-12 | 13-15 || total
-------------------------+-------+-------+-------+-------+-------++-------
Melee: Flail             |   131 |    94 |   216 |   813 |   469 ||  1723
Invok: Lesser Servant of |       |       |       |     1 |     1 ||     2
       Greater Servant o |       |       |       |       |     3 ||     3
Evoke: Wand              |       |       |       |     1 |     1 ||     2
  Use: Potion            |       |       |     1 |     5 |     1 ||     7
       Scroll            |       |       |       |    20 |     1 ||    21
 Stab: Invisible         |       |       |       |     3 |       ||     3
       Distracted        |       |       |       |     1 |     2 ||     3
  Eat: Chunk             |     2 |     6 |    12 |    25 |    11 ||    56
       Beef jerky        |       |       |     1 |       |       ||     1

Vault maps used:
D:1:      dpeg_arrival_morbid_curiosity, serial_forest,
          infiniplex_forest_clump_long, infiniplex_forest_clump_diagonal,
          infiniplex_forest_lined_2, infiniplex_forest_straight_4,
          infiniplex_forest_end_2, infiniplex_forest_clump_C,
          minmay_rat_gold_closets
D:2:      first_bread, trog_three_pillars_becter
D:3:      uniq_terence
D:4:      grunt_temple_overflow_open, portal_sewer_entry_d
D:6:      johnstein_pakellas_death_squad, grunt_dithmenos_smoke, temple_pool_b,
          small_statue_intersection
D:7:      lemuel_crystal_altar
D:8:      minitemple
D:9:      lemuel_mausoleum_altar_yredelemnul, serial_shops,
          nicolae_shop_waterfront, uniq_maurice, uniq_erica
D:10:     lair_0_dummy, david_orc_1_choice, serial_shops,
          nicolae_shop_behind_doors
D:11:     serial_shops, shop, the_bakery, glass_columns_a,
          nrook_guardian_serpent_ordinary
D:12:     minivault_7
Temple:   circular_temple_12
Lair:1:   hibernation_bobbens
Lair:2:   basic_altar, enter_volcano_2, uniq_fannar
Lair:3:   st_stairs_12, uniq_harold
Lair:4:   minmay_lair_oklob_chamber, shoals_dummy_entry, uniq_nergalle
Lair:5:   disabler_island
Lair:6:   dpeg_oklob_gauntlet, nicolae_spider_entry_tight_spaces,
          kennysheep_catoblepas_arena, lemuel_fruit_tree, uniq_rupert
Volcano:  volcano_pools

Table legend:
 A = Turns spent in this place as a percentage of turns spent in the entire game.
 B = Non-inter-level travel turns spent in this place as a percentage of non-inter-level travel turns spent in the entire game.
 C = Inter-level travel turns spent in this place as a percentage of turns spent in this place.
 D = Turns resting spent in this place as a percentage of non-inter-level travel turns spent in this place.
 E = Turns spent auto-exploring this place as a percentage of non-inter-level travel turns spent in this place.
 F = Non-inter-level travel turns spent in this place divided by the number of levels of this place that you've seen.
                   A       B       C       D       E      F
               +-------+-------+-------+-------+-------+----------------------
         Total | 100.0 | 100.0 |   0.6 |   1.7 |  12.3 | 210.2
       Dungeon |  64.3 |  64.4 |   0.5 |   2.0 |  13.8 | 225.7
        Temple |   0.3 |   0.3 |   8.3 |   0.0 |  90.9 |  11.0
          Lair |  33.6 |  33.5 |   0.7 |   0.8 |   8.9 | 235.0
       Volcano |   1.8 |   1.8 |   0.0 |   9.2 |   6.6 |  76.0
               +-------+-------+-------+-------+-------+----------------------

Table legend:
 A = Kills in this place as a percentage of kills in entire the game.
 B = Kills by you in this place as a percentage of kills by you in the entire game.
 C = Kills by friends in this place as a percentage of kills by friends in the entire game.
 D = Other kills in this place as a percentage of other kills in the entire game.
 E = Experience gained in this place as a percentage of experience gained in the entire game.
 F = Experience gained in this place divided by the number of levels of this place that you have seen.
                   A       B       C       D       E      F
               +-------+-------+-------+-------+-------+----------------------
         Total | 100.0 | 100.0 | 100.0 |  -nan | 100.0 | 3128.2
       Dungeon |  64.9 |  65.3 |   0.0 |  -nan |  41.9 | 2183.0
          Lair |  32.8 |  32.4 | 100.0 |  -nan |  53.5 | 5578.0
       Volcano |   2.3 |   2.3 |   0.0 |  -nan |   4.6 | 2900.0
               +-------+-------+-------+-------+-------+----------------------
